 Dungeon Crawl Stone Soup version 0.30-a0-137-gd8773701ce (webtiles) character file.

Game seed: 7866327398997348708

867 jimonade the Skirmisher (level 8, -3/56 HPs)
             Began as a Formicid Hunter on Sept 21, 2022.
             Succumbed to a scorpion's poison
             ... on level 5 of the Dungeon.
             The game lasted 00:06:44 (4650 turns).

jimonade the Skirmisher (Formicid Hunter)           Turns: 4650, Time: 00:06:44

Health: -3/56      AC:  3    Str: 15    XL:     8   Next: 23%
Magic:  8/8        EV: 12    Int: 10    God:
Gold:   164        SH:  0    Dex: 19    Spells: 7/7 levels left

rFire   . . .      SeeInvis +    a - +0 shortbow
rCold   . . .      Faith    .    (no shield)
rNeg    . . .      Spirit   .    c - +0 leather armour
rPois   .          Reflect  .    (helmet unavailable)
rElec   .          Harm     .    (no cloak)
rCorr   .          Rampage  .    (no gloves)
Will    .....                    (no boots)
Stlth   ++........               s - amulet of magic regeneration
HPRegen 0.18/turn                (no ring)
MPRegen 0.51/turn                (no ring)

@: lethally poisoned (-3 -> -23)
A: permanent stasis, dig shafts and tunnels, antennae 3, four strong arms
a: Dig, Shaft Self


You were on level 5 of the Dungeon.
You visited 1 branch of the dungeon, and saw 5 of its levels.

You collected 164 gold pieces.

Inventory:

Hand Weapons
 a - a +0 shortbow (weapon)
 h - a +0 long sword
 u - a +2 dagger of venom
Armour
 c - a +0 leather armour (worn)
Magical Staves
 l - a staff of fire
Jewellery
 s - an amulet of magic regeneration (around neck)
Scrolls
 b - 3 scrolls of immolation
 d - a scroll of enchant weapon {unknown}
 f - 2 scrolls of torment {unknown}
 j - a scroll of magic mapping {unknown}
 k - a scroll of identify
 r - a scroll of teleportation {unknown}
 v - a scroll of enchant armour {unknown}
 w - a scroll of poison {unknown}
 y - a scroll of vulnerability {unknown}
 z - a scroll of noise {unknown}
Potions
 e - 2 potions of flight
 g - a potion of curing {unknown}
 i - 2 potions of ambrosia {unknown}
 m - 3 potions of lignification {unknown}
 n - a potion of cancellation {unknown}
 o - 2 potions of degeneration {unknown}
 p - a potion of mutation {unknown}
 q - a potion of haste {unknown}
 t - a potion of brilliance {unknown}
 x - a potion of attraction {unknown}


   Skills:
 - Level 2.1 Fighting
 + Level 9.7 Ranged Weapons
 - Level 1.7 Dodging
 - Level 1.2 Stealth
 * Level 0.8 Transmutations


You had 7 spell levels left.
You didn't know any spells.
Your spell library contained the following spells:

 Spells                   Type           Power      Damage    Failure   Level
 Wereblood                Tmut           1%         N/A       45%         2
 Sublimation of Blood     Necr           0%         N/A       56%         2
 Petrify                  Tmut/Erth      0%         N/A       98%         4
 Irradiate                Conj/Tmut      0%         3d11      100%        5
 Conjure Ball Lightning   Conj/Air       0%         3x3d6     100%        6
 Summon Hydra             Summ           0%         N/A       100%        7
 Discord                  Hex            0%         N/A       100%        8
 Disjunction              Tloc           0%         N/A       100%        8


Dungeon Overview and Level Annotations

Branches:
Dungeon (5/15)
 Temple: D:4-7

Altars:
Vehumet


Innate Abilities, Weirdness & Mutations

You cannot be hasted, slowed, berserked, paralysed or teleported.
You can dig through walls and to a lower floor.
You have a pair of large antennae on your head. (SInv)
Your four strong arms can wield two-handed weapons with a shield.


Message History

The scorpion stings you.
You are lethally poisoned!
The scorpion poisons you! The scorpion closely misses you.
You shoot an arrow. The arrow barely misses the scorpion.
You feel extremely sick. The scorpion completely misses you.
You are too injured to fight recklessly!
You are too injured to fight recklessly!
You are too injured to fight recklessly!
You are too injured to fight recklessly!
Fire: a) +0 shortbow
Press: ? - help, Q - select action, (/) - cycle Shift-Dir - straight line, f/p - scorpion
Aim: a scorpion (almost dead, 66% to hit)
You shoot an arrow. The arrow hits the scorpion.
The scorpion is almost dead.
* * * LOW HITPOINT WARNING * * *
You feel extremely sick. The scorpion closely misses you.
Fire: a) +0 shortbow
Press: ? - help, Q - select action, (/) - cycle Shift-Dir - straight line, f/p - scorpion
Aim: a scorpion (almost dead, 66% to hit)
You shoot an arrow. The arrow closely misses the scorpion.
* * * LOW HITPOINT WARNING * * *
You feel very sick. The scorpion stings you.
* * * LOW HITPOINT WARNING * * *
You are more poisoned.
The scorpion poisons you!
Fire: a) +0 shortbow
Press: ? - help, Q - select action, (/) - cycle Shift-Dir - straight line, f/p - scorpion
Aim: a scorpion (almost dead, 66% to hit)
You shoot an arrow. The arrow hits the scorpion.
You kill the scorpion!
* * * LOW HITPOINT WARNING * * *
You feel very sick.
Okay, then.
As you read the scroll labelled TYUNOY QOFORCHA, it crumbles to dust.
It is a scroll of identify.
e - 2 potions of flight You die...

##..# #...#
#.##........ .....
#...# #.##........
####
###...#####.##........
....
.........†............
###.
..#.#...###.##########
.#+###.###.#
..........#.#
........#.#.#
........#@#..
#..[....#.###
#.......#.#
#.......#..
#..........
#####...... .... {
.....#


There were no monsters in sight!

Vanquished Creatures
  Grinder (D:4)
  Sigmund (D:3)
  A scorpion (D:5)
  A jelly (D:4)
  2 hounds
  2 orc priests (D:4)
  An iguana (D:4)
  Natasha (thrice) (D:2)
  4 adders
  8 gnolls
  An ufetubus (D:5)
  3 dart slugs
  12 orcs
  4 ball pythons
  6 bats
  3 endoplasms
  3 giant cockroaches
  5 goblins
  9 hobgoblins
  2 jackals (D:2)
  3 kobolds
  2 quokkas
  3 frilled lizards
  9 rats
89 creatures vanquished.

Notes
Turn   | Place    | Note
-------+----------+-------------------------------------------
     0 | D:1      | jimonade the Formicid Hunter began the quest for the Orb.
     0 | D:1      | Reached XP level 1. HP: 16/16 MP: 1/1
   169 | D:1      | Reached XP level 2. HP: 22/22 MP: 2/2
   203 | D:1      | Found a faded altar of an unknown god.
   540 | D:1      | Reached XP level 3. HP: 27/27 MP: 3/3
   640 | D:1      | Reached skill level 5 in Ranged Weapons
  1138 | D:2      | Reached XP level 4. HP: 19/33 MP: 4/4
  1429 | D:2      | Noticed Natasha
  1435 | D:2      | Killed Natasha
  1537 | D:2      | Noticed Natasha
  1540 | D:2      | Killed Natasha
  1541 | D:2      | Reached skill level 6 in Ranged Weapons
  1541 | D:2      | Reached XP level 5. HP: 38/38 MP: 5/5
  2061 | D:2      | Noticed Natasha
  2072 | D:2      | Killed Natasha
  2350 | D:3      | Noticed Sigmund
  2360 | D:3      | Killed Sigmund
  2361 | D:3      | Reached skill level 7 in Ranged Weapons
  2361 | D:3      | Reached XP level 6. HP: 28/44 MP: 6/6
  3411 | D:4      | Noticed Grinder
  3413 | D:4      | Reached XP level 7. HP: 50/50 MP: 7/7
  3424 | D:4      | Killed Grinder
  3425 | D:4      | Reached skill level 8 in Ranged Weapons
  3577 | D:4      | Reached skill level 9 in Ranged Weapons
  3772 | D:4      | Reached XP level 8. HP: 56/56 MP: 8/8
  4192 | D:4      | Found a radiant altar of Vehumet.
  4302 | D:5      | Entered Level 5 of the Dungeon
  4649 | D:5      | HP: 2/56 [poisoned by a scorpion]
  4650 | D:5      | Succumbed to a scorpion's poison

Illustrated notes

Levels and vault maps discovered:
D:1:      psy_arrival_radial02, layout_basic,
          hellmonk_ecumenical_altar_pennies_from_heaven
D:2:      layout_basic, cheibrodos_gnoll_hut, uniq_natasha
D:3:      wad_lake_hut, layout_basic, uniq_sigmund
D:4:      layout_basic, mainiacjoe_overflow_surrounded_room, uniq_grinder
D:5:      layout_basic, lemuel_tele_altar

Skill      XL: |  1  2  3  4  5  6  7 |
---------------+----------------------+-----
Ranged Weapons | 5 6 7 9 |  9.7
Fighting       | |  2.1
Dodging        | |  1.7
Stealth        | |  1.2
Transmutations | |  0.8

Action                   |  1- 3 |  4- 6 |  7- 9 || total
-------------------------+-------+-------+-------++-------
 Fire: Shortbow          |    74 |    95 |    88 ||   257
 Abil: Dig               |     1 |       |       ||     1
  Use: Scroll            |       |       |     1 ||     1
Armor: Leather armour    |     5 |     3 |     2 ||    10
Dodge: Dodged            |    21 |    28 |    19 ||    68

Table legend: (Time is in decaauts)
 A = Elapsed time spent in this place.
 B = Non-inter-level travel time spent in this place.
 C = Inter-level travel time spent in this place.
 D = Time resting spent in this place.
 E = Time spent auto-exploring this place.
 F = Levels seen in this place.
 G = Mean time per level.
                   A        B        C        D        E       F      G
               +--------+--------+--------+--------+--------+-----+--------+
         Total |   4744 |   4613 |    131 |      0 |   4029 |   5 |  948.8 |
       Dungeon |   4744 |   4613 |    131 |      0 |   4029 |   5 |  948.8 |
               +--------+--------+--------+--------+--------+-----+--------+

Top non-repeatable levels by time:
     D:2: 1325 daAuts
     D:3: 1108 daAuts
     D:1: 1058 daAuts
     D:4: 902 daAuts
     D:5: 349 daAuts
